 Dungeon Crawl Stone Soup version 0.31.0-11-ge490571c62 (webtiles) character file.

Game seed: 15830432823248390707

450 qw the Ducker (level 6, -2/30 HPs)
             Began as a Spriggan Hunter on Feb 3, 2024.
             Slain by Duvessa
             ... wielding a +0 short sword
              (9 damage)
             ... on level 4 of the Dungeon.
             The game lasted 00:00:14 (1999 turns).

qw the Ducker (Spriggan Hunter)                     Turns: 1999, Time: 00:00:15

Health: -2/30      AC:  2    Str:  5    XL:     6   Next: 74%
Magic:  7/7        EV: 23    Int: 14    God:
Gold:   202        SH:  0    Dex: 23    Spells: 5/5 levels left

rFire   + . .        a - +1 shortbow
rCold   . . .        (shield currently unavailable)
rNeg    . . .        c - +0 robe
rPois   .            (helmet restricted)
rElec   .            m - scarf {repulsion}
rCorr   .            (gloves unavailable)
SInv    +            (boots unavailable)
Will    +....        (no amulet)
Stlth   +            (no ring)
HPRegen 0.25/turn    (no ring)
MPRegen 0.10/turn

%: repel missiles
@: lit by a corona, about to teleport, glowing, very quick
A: very small, no large weapons, unfitting armour, see invisible, speed 3, agile
1, clever 1, fire resistance 1
a: no special abilities


You were on level 4 of the Dungeon.
You visited 1 branch of the dungeon, and saw 4 of its levels.

You collected 244 gold pieces.
You spent 42 gold pieces at shops.


Innate Abilities, Weirdness & Mutations

You are very small and have problems with some larger weapons.
You are too small for most types of armour.
You have supernaturally acute eyesight. (SInv)
You cover ground extremely quickly. (Speed+++)
You are agile. (Dex +4, Str/Int -1)
Your mind is acute. (Int +4, Str/Dex -1)
Your flesh is heat resistant. (rF+)


   Skills:
 - Level 2.3 Fighting
 + Level 6.1 Ranged Weapons
 - Level 7.0 Dodging
 - Level 1.5 Stealth


You had 5 spell levels left.
You didn't know any spells.
Your spell library was empty.

Inventory:

Hand Weapons
 a - a +1 shortbow (weapon)
Armour
 c - a +0 robe (worn)
 k - a +2 cloak
 m - a scarf of repulsion (worn)
Jewellery
 n - a ring of positive energy
Scrolls
 e - a scroll of teleportation
 j - a scroll of brand weapon {unknown}
 l - a scroll of blinking {unknown}
 o - a scroll of identify
 p - a scroll of silence {unknown}
Potions
 b - a potion of berserk rage {unknown}
 d - 4 potions of curing
 f - 3 potions of enlightenment
 g - a potion of mutation
 h - a potion of heal wounds {unknown}
 i - a potion of might {unknown}

Dungeon Overview and Level Annotations

Branches:
Dungeon (4/15)
 Temple: D:4-7

Altars:
Nemelex Xobeh
Ru
Vehumet
Zin

Shops:
D:1 =::*   D:3 [

Annotations:
D:4 Dowan, Duvessa, Natasha


Message History

1992 ||| RETREEEEATING.
Enter note:
Enter note:
Enter note:
Enter note:
1993 ||| RETREEEEATING.
Duvessa attacks as she pursues you! Duvessa misses you.
Enter note:
Enter note:
Enter note:
Enter note:
1994 ||| RETREEEEATING.
A goblin comes into view. It is wielding a +0 dagger.
The goblin shouts!
Duvessa says, "Where magic fails, the sword succeeds!"
You shoot an arrow.
The arrow hits Duvessa but does no damage.
Duvessa is moderately wounded.
The goblin throws a stone.
The stone misses you. Duvessa hits you with a +0 short sword!
You shoot an arrow.
The arrow hits Duvessa but does no damage.
Duvessa is moderately wounded.
Duvessa misses you. Duvessa completely misses you.
Dowan casts a spell.
Dowan blinks!
You shoot an arrow. The arrow hits Duvessa.
Duvessa is heavily wounded.
Duvessa closely misses you. Duvessa hits you with a +0 short sword!
You shoot an arrow. The arrow hits Duvessa.
Duvessa is heavily wounded.
The cerulean imp barely misses you. Duvessa hits you with a +0 short sword!
The goblin completely misses you.
Natasha mumbles some strange words.
The cerulean imp misses you.
1999 ||| READING 2 scrolls of teleportation.
As you read the scroll of teleportation, it crumbles to dust.
You feel strangely unstable. Duvessa hits you with a +0 short sword!
You die...

..........##......##.......[#
#.
#......#..##.....)''........#
#.
#.#..#.#....................#
#.
#.#..#.#...................<#
#.
#.#......#.#...............##
#.
#.#....#.#.................#
#.
#.#.##.#........e#+#.......#
#< #.#......#..####g#
#.......# ## %......#....#
#@# +.......#
#.###..###.#####e# #.......#
#.# #..# #......5###########
#.# ...# ##.....hK..5##
#.###.## +...........# #.# #.
#...5.....h.# #.# #.
###########...... #.. ยค....
....


You could see Duvessa (fast), Dowan, Natasha, 2 cerulean imps, a goblin and a
kobold.

Vanquished Creatures
  An ogre (D:3)
  2 phantoms (D:4)
  A jelly (D:4)
  Jessica (D:3)
  An iguana (D:4)
  Natasha (D:4)
  4 adders
  2 ribbon worms
  2 dart slugs (D:2)
  4 orcs (D:4)
  A bat (D:1)
  4 endoplasms
  5 giant cockroaches
  9 goblins
  7 hobgoblins
  8 kobolds
  3 quokkas
  7 ball pythons
  3 frilled lizards (D:1)
  4 rats (D:1)
70 creatures vanquished.

Notes
Turn   | Place    | Note
-------+----------+-------------------------------------------
     0 | D:1      | qw the Spriggan Hunter began the quest for the Orb.
     0 | D:1      | Reached XP level 1. HP: 10/10 MP: 2/2
     0 | D:1      | 0 ||| qw: Version: 0.3-a-157-g843a77d
     0 | D:1      | 0 ||| qw: Game counter: 3866
     0 | D:1      | 0 ||| qw: Melee chars always use a shield: true
     0 | D:1      | 0 ||| qw: God list: Okawaru
     0 | D:1      | 0 ||| qw: Allow faded altars: false
     0 | D:1      | 0 ||| qw: Do Orc after clearing Dungeon:15 true
     0 | D:1      | 0 ||| qw: Do second Lair branch before Depths: true
     0 | D:1      | 0 ||| qw: Lair rune preference: random
     0 | D:1      | 0 ||| qw: Goals: Normal
     0 | D:1      | 0 ||| PLANNING D:1-11
    22 | D:1      | Reached skill level 3 in Dodging
    34 | D:1      | Reached XP level 2. HP: 14/14 MP: 3/3
    64 | D:1      | Reached skill level 4 in Dodging
    96 | D:1      | Found Usmovofe's Assorted Antiques.
   140 | D:1      | 140 ||| SHOPLISTING knobbly wooden ring (105 gold, have
                  | 46).
   140 | D:1      | 140 ||| BUYING scroll labelled JOLEXE BIANTA (21 gold).
   140 | D:1      | Bought a scroll labelled JOLEXE BIANTA for 21 gold pieces
   140 | D:1      | 140 ||| BUYING scroll labelled USAZUI NOMAFODGH (21 gold).
   140 | D:1      | Bought a scroll labelled USAZUI NOMAFODGH for 21 gold
                  | pieces
   140 | D:1      | 140 ||| SHOPLISTING thin emerald amulet (105 gold, have 4).
   140 | D:1      | 140 ||| SHOPLISTING viscous blue potion (18 gold, have 4).
   177 | D:1      | Found Hidin's Jewellery Emporium.
   181 | D:1      | Found Xufipiod's Book Shop.
   181 | D:1      | Noticed a walking earthen tome
   181 | D:1      | Noticed a walking divine tome
   243 | D:1      | 243 ||| SHOPLISTING +4 ring of protection (468 gold, have
                  | 20).
   243 | D:1      | 243 ||| SHOPLISTING amulet of faith (520 gold, have 20).
   243 | D:1      | 243 ||| SHOPLISTING ring of ice (325 gold, have 20).
   243 | D:1      | 243 ||| SHOPLISTING ring of protection from fire (325 gold,
                  | have 20).
   249 | D:1      | Found a faded altar of an unknown god.
   272 | D:1      | Found Ciopp's Book Shoppe.
   331 | D:1      | Reached XP level 3. HP: 18/18 MP: 4/4
   454 | D:1      | 454 ||| READING 4 scrolls labelled JUKHAOS NIXKU.
   457 | D:1      | 457 ||| READING 2 scrolls labelled JOLEXE BIANTA.
   457 | D:1      | 457 ||| IDENTIFYING metallic sapphire potion
   458 | D:1      | 458 ||| READING scroll of identify.
   458 | D:1      | 458 ||| IDENTIFYING scroll labelled USAZUI NOMAFODGH
   459 | D:1      | 459 ||| READING scroll labelled SOCAFA VAMIUST.
   460 | D:1      | 460 ||| DROPPING scroll of butterflies.
   461 | D:1      | 461 ||| DROPPING scroll of poison.
   478 | D:2      | 478 ||| STAIRDANCE
   582 | D:2      | HP: 4/18 [kobold/+0 short sword (3)]
   583 | D:2      | 583 ||| READING 3 scrolls of teleportation.
   939 | D:2      | 939 ||| READING scroll labelled ARYUNESASI.
   998 | D:3      | Identified the +4 war axe "Ishrud" {freeze, Will+ Dex+5}
  1028 | D:3      | Reached XP level 4. HP: 22/22 MP: 5/5
  1034 | D:3      | Noticed an ogre
  1040 | D:3      | Killed an ogre
  1041 | D:3      | Reached skill level 5 in Dodging
  1041 | D:3      | Reached XP level 5. HP: 25/25 MP: 6/6
  1062 | D:3      | Found a glowing silver altar of Zin.
  1099 | D:3      | Found a sparkling altar of Nemelex Xobeh.
  1170 | D:3      | Found Evuff's Armour Emporium.
  1200 | D:3      | Found a radiant altar of Vehumet.
  1283 | D:3      | Found a sacrificial altar of Ru.
  1365 | D:3      | Noticed Jessica
  1371 | D:3      | Killed Jessica
  1373 | D:3      | 1373 ||| UPGRADING to +2 cloak.
  1378 | D:3      | 1378 ||| UPGRADING to scarf of repulsion.
  1388 | D:3      | 1388 ||| READING scroll labelled JABLA XOAL.
  1388 | D:3      | 1388 ||| ENCHANTING +0 shortbow.
  1389 | D:3      | 1389 ||| DRINKING 4 glowing red potions.
  1390 | D:3      | 1390 ||| DRINKING 2 murky cyan potions.
  1390 | D:3      | Gained mutation: You are agile. (Dex +4, Str/Int -1)
                  | [potion of mutation]
  1390 | D:3      | Gained mutation: Your flesh is heat resistant. (rF+)
                  | [potion of mutation]
  1390 | D:3      | Gained mutation: Your mind is acute. (Int +4, Str/Dex -1)
                  | [potion of mutation]
  1453 | D:4      | Noticed a phantom
  1462 | D:4      | Killed a phantom
  1463 | D:4      | Reached skill level 6 in Dodging
  1463 | D:4      | Reached XP level 6. HP: 20/30 MP: 7/7
  1541 | D:4      | Noticed Dowan
  1543 | D:4      | Noticed Duvessa
  1548 | D:4      | 1548 ||| ZAPPING wand of flame (2) at 0,2 (Duvessa; floor).
  1549 | D:4      | 1549 ||| ZAPPING wand of flame (1) at 0,2 (Duvessa; floor).
  1555 | D:4      | HP: 7/30 [Duvessa/+0 short sword (9)]
  1556 | D:4      | 1556 ||| READING 3 scrolls of teleportation.
  1557 | D:4      | 1557 ||| RETREEEEATING.
  1558 | D:4      | 1558 ||| RETREEEEATING.
  1560 | D:4      | 1560 ||| RETREEEEATING.
  1564 | D:4      | 1564 ||| READING 2 scrolls of teleportation.
  1746 | D:4      | Noticed Natasha
  1750 | D:4      | Killed Natasha
  1886 | D:4      | Reached skill level 6 in Ranged Weapons
  1930 | D:4      | Reached skill level 7 in Dodging
  1989 | D:4      | Noticed Natasha
  1990 | D:4      | 1990 ||| RETREEEEATING.
  1991 | D:4      | 1991 ||| RETREEEEATING.
  1992 | D:4      | 1992 ||| RETREEEEATING.
  1993 | D:4      | 1993 ||| RETREEEEATING.
  1994 | D:4      | 1994 ||| RETREEEEATING.
  1998 | D:4      | HP: 7/30 [Duvessa/+0 short sword (10)]
  1999 | D:4      | 1999 ||| READING 2 scrolls of teleportation.
  1999 | D:4      | Slain by Duvessa

Levels and vault maps discovered:
D:1:      minmay_arrival_wavy_path, layout_rooms,
          ebering_ecumenical_altar_sacrificial, serial_shops, shop, shop,
          nicolae_shop_mannequins, nicolae_shop_waterfront
D:2:      layout_rooms, nicolae_the_louvre
D:3:      layout_rooms, mainiacjoe_overflow_boulevard, lemuel_doored_altar,
          grunt_temple_overflow_open, serial_shops,
          nicolae_shop_window_shopping, minmay_misc_feat_cross, uniq_jessica
D:4:      layout_basic, kennysheep_mini_moat, minmay_misc_feat_hallway,
          minmay_bisected, uniq_duvessa, uniq_natasha

Skill      XL: |  1  2  3  4  5  6 |
---------------+-------------------+-----
Dodging        | 3 4 5 6 7 |  7.0
Ranged Weapons | 5 6 |  6.1
Fighting       | 2 |  2.3
Stealth        | |  1.5

Action                     |  1- 3 |  4- 6 || total
---------------------------+-------+-------++-------
   Fire: Shortbow          |   111 |   118 ||   229
  Evoke: Wand              |       |     2 ||     2
    Use: Scroll            |     6 |     4 ||    10
         Potion            |       |     2 ||     2
 Armour: Robe              |    19 |    13 ||    32
  Dodge: Dodged            |    43 |    39 ||    82

Table legend:
 A = Non-vault XP
 B = Vault XP
 C = Vault XP percentage of total XP
 D = Non-vault monster count
 E = Vault monster count
 F = Vault count percentage of total count
                 A         B        C        D         E       F
            +---------+---------+-------+---------+---------+-------
      Total |     526 |     117 |  18.2 |      65 |       5 |   7.1
            +---------+---------+-------+---------+---------+-------
        D:1 |      55 |       0 |   0.0 |      27 |       0 |   0.0
        D:2 |      38 |       0 |   0.0 |      12 |       0 |   0.0
        D:3 |     150 |      37 |  19.8 |      12 |       1 |   7.7
        D:4 |     283 |      80 |  22.0 |      14 |       4 |  22.2
            +---------+---------+-------+---------+---------+-------
